 Dungeon Crawl Stone Soup version 0.21.1-1-g345015fe64 (webtiles) character file.

201076 Htamos the Phalangite (level 18, -8/124 HPs)
             Began as a Merfolk Berserker on July 16, 2018.
             Was the Champion of Trog.
             Killed from afar by a starcursed mass (13 damage)
             ... with an accursed screaming
             ... on level 4 of the Abyss.
             The game lasted 02:38:11 (43992 turns).

Htamos the Phalangite (Merfolk Berserker)          Turns: 43992, Time: 02:38:13

Health: -8/124     AC: 16    Str: 20      XL:     18   Next: 53%
Magic:  12/12      EV: 32    Int:  6 (7)  God:    Trog [******]
Gold:   384        SH:  0    Dex: 24      Spells: 17/17 levels left

rFire    + + .     SeeInvis +   a - +9 bardiche (vamp)
rCold    + + .     Gourm    .   (shield currently unavailable)
rNeg     + + +     Faith    +   X - +3 steam dragon scales
rPois    +         Spirit   .   p - +1 helmet of Rofrovoe {-Cast rElec rC+ rN+}
rElec    +         Reflect  .   Z - +0 cloak
rCorr    .         Harm     .   W - +0 pair of gloves
MR       +....     Rnd*Rage +   y - +2 pair of boots {Stlth+} Stlth +++.......Rnd*Tele +
                                o - amulet of faith
HPRegen  1.00/turn NoCast   +   J - ring of Joiciph {rN+ Dex+6}
MPRegen  0.13/turn              V - ring of Loog {rF++ rC+ rN+ Str+2 SInv}

@: vulnerable, recuperating, diseased
A: change form in water, swift swim, stealthy swim, agile 1, [berserk 2], blurry
vision 1[+2], [frail 2], low mp 1[+2], poison resistance, [screaming 3], shaggy
fur 1, [teleportitis 2], [weak 2]
}: 1/15 runes: gossamer
a: Berserk, Trog's Hand, Brothers in Arms, Burn Spellbooks, Renounce Religion


You were on level 4 of the Abyss.
You worshipped Trog.
Trog was exalted by your worship.
You were very hungry.

You visited 6 branches of the dungeon, and saw 29 of its levels.
You visited the Abyss 2 times.
You visited 1 bazaar.
You also visited: Ice Cave.

You collected 3788 gold pieces.
You spent 3404 gold pieces at shops.

Inventory:

Hand Weapons
 a - a +9 vampiric bardiche (weapon)
 g - a +1 glaive of flaming
 h - a +4 spear of flaming
 k - a +7 executioner's axe of chopping
 l - a +3 antimagic spear
 G - a +1 demon trident of electrocution
 M - a +3 antimagic trident
 S - a +0 trident of venom
Missiles
 e - 9 javelins (quivered)
Armour
 p - the +1 helmet of Rofrovoe (worn) {-Cast rElec rC+ rN+}
   (You bought it in a shop in a bazaar)

   It protects you from cold.
   It insulates you from electricity.
   It protects you from negative energy.
   It prevents spellcasting.
 s - a +0 shield
 w - the cursed +0 scale mail of Creativity {rPois Stlth+}
   (You found it on level 2 of the Spider Nest)

   It protects you from poison.
   It makes you more stealthy.
   It has a curse placed upon it.
 y - a +2 pair of boots of stealth (worn)
 T - the +0 buckler "Demub" {rElec rN++ Int-4 Slay+3}
   (You found it on level 4 of the Spider Nest)

   It affects your intelligence (-4).
   It affects your accuracy and damage with ranged weapons and melee attacks
   (+3).
   It insulates you from electricity.
   It greatly protects you from negative energy.
 W - a +0 pair of gloves (worn)
 X - +3 steam dragon scales (worn)
 Y - the +1 ring mail of Happiness {rF+ rCorr Dex+3}
   (You bought it in a shop on level 2 of the Orcish Mines)

   It affects your dexterity (+3).
   It protects you from fire.
   It protects you from acid and corrosion.
 Z - a +0 cloak (worn)
Jewellery
 o - an amulet of faith (around neck)
 H - the brooch of Shielding {Reflect SH+8}
   (You found it on level 6 of the Dungeon)

   [amulet of reflection]

   It shields you and reflects attacks.
   It affects your SH (+8).
 J - the ring of Joiciph (left hand) {rN+ Dex+6}
   (You bought it in a shop in a bazaar)

   [ring of positive energy]

   It affects your dexterity (+6).
   It protects you from negative energy.
 N - the ring "Jeakk" {Ice rN+ Int-5 Dex+6}
   (You found it in an ice cave)

   [ring of ice]

   It enhances your ice magic.
   It affects your intelligence (-5).
   It affects your dexterity (+6).
   It makes you vulnerable to fire.
   It protects you from cold.
   It protects you from negative energy.
 V - the ring of Loog (right hand) {rF++ rC+ rN+ Str+2 SInv}
   (You bought it in a shop in a bazaar)

   [ring of see invisible]

   It affects your strength (+2).
   It greatly protects you from fire.
   It protects you from cold.
   It protects you from negative energy.
   It lets you see invisible.
Wands
 m - a wand of flame (113)
 q - a wand of paralysis (43)
 t - a wand of random effects (70)
 z - a wand of clouds (7)
 I - a wand of digging (22)
 K - a wand of disintegration (11)
 O - a wand of acid (14)
 P - a wand of scattershot (6)
 Q - a wand of iceblast (5)
 U - a wand of enslavement (16)
Scrolls
 d - a scroll of immolation
 i - 10 scrolls of remove curse
 n - a scroll of blinking
 r - 4 scrolls of fear
 u - 2 scrolls of fog
 v - 3 scrolls of teleportation
 E - 3 scrolls of magic mapping
 R - 5 scrolls of identify
Potions
 b - a potion of flight
 j - a potion of cancellation
 x - 3 potions of haste
 A - 4 potions of might
 B - a potion of lignification
 C - 5 potions of ambrosia
 D - a potion of agility
 F - a potion of invisibility
 L - 4 potions of mutation
Comestibles
 c - 25 rations


   Skills:
 + Level 17.5 Fighting
 - Level 26.0 Polearms
 - Level 1.3 Armour
 + Level 19.6 Dodging
 + Level 11.5 Shields


You had 17 spell levels left.
You didn't know any spells.

Dungeon Overview and Level Annotations

Branches:
Dungeon (15/15)            Temple (1/1) D:7            Lair (6/6) D:11
 Shoals (0/4) Lair:4       Spider (4/4) Lair:3        Slime (0/5) Lair:5
    Orc (2/2) D:9             Elf (0/3) Orc:2        Vaults (1/5) D:14
 Depths (0/5) D:15

Altars:
Ashenzari
Cheibriados
Dithmenos
Elyvilon
Fedhas
Gozag
Kikubaaqudgha
Makhleb
Nemelex Xobeh
Ru
Sif Muna
Trog
Wu Jian
Xom
Yredelemnul
Beogh

Shops:
D:13 :   D:15 *[   Orc:2 =?([*[:(*

Portals:
Hell: Lair:6


Innate Abilities, Weirdness & Mutations

You revert to your normal form in water.
You are very nimble and swift while swimming.
You are very stealthy in the water. (Stealth+)
You are agile. (Dex +2)
Your system is resistant to poisons. (rPois)
You are covered in fur. (AC +1)
[You often lose your temper in combat.]
[Scrolls take you much longer to read.]
[You are very frail. (-20% HP)]
[Your magical capacity is extremely low. (-30% MP)]
[You frequently scream uncontrollably at your foes.]
[You are sometimes teleported next to monsters.]
[You are very weak. (Str -4)]


Message History

Unknown command.
You slash the phantasmal warrior!
The phantasmal warrior is almost destroyed.
A chorus of shrieks assaults your mind.
* * * LOW HITPOINT WARNING * * *
The tarantella bites you.
* * * LOW HITPOINT WARNING * * *
A starcursed mass splits.
Really read with blurry vision while enemies are nearby?
Okay, then.
There are monsters nearby!
Really read with blurry vision while enemies are nearby?
The death knight's dark mirror aura disappears.
The phantasmal warrior hits you but does no damage.
The wraith misses you. The tarantella closely misses you.
You begin reading the scroll.
You continue reading the scroll.
The tarantella misses you. The phantasmal warrior misses you.
The wraith completely misses you.
A starcursed mass splits.
A deafening chorus of shrieks assaults your mind!
You die...

. #≈ . # # . .
#3 ## ≈# #.. ..
..#.#........
##.#≈.≈.#.... .
#..≈≈..# ... #.
≈≈ ≈..#......
..'##+##.###
.... .'≈≈≈≈#*s#
. .. #≈'≈.E≈'@#
... .
#.'≈_X≈#WWx#...
.#≈≈≈ #x..s.X..
#'###+≈##.X#..
.≈ ≈≈p #XX.. #.
#1. X... # .##
... . # ..


You could see 5 starcursed masses, a death knight, a wretched star, an
Executioner, an ancient zyme, a large abomination, a phantasmal warrior, an
earth elemental, an orb spider, a worldbinder, a wraith and a tarantella.

Vanquished Creatures
  A bone dragon (Abyss:4)
  Rupert (D:13)
  A tentacled starspawn (Abyss:4)
  Gastronok (Orc:1)
  3 ghost moths
  A frost giant (IceCv)
  An orc warlord (Orc:2)
  A cacodemon (Abyss:4)
  7 emperor scorpions
  5 entropy weavers
  An ironheart preserver (Vaults:1)
  2 very ugly things (Abyss:4)
  3 spark wasps
  A dire elephant (Lair:6)
  Snorg (Lair:5)
  A fire dragon (Vaults:1)
  Harold (D:11)
  A yaktaur captain (D:15)
  4 vault guards (D:14)
  4 hydras
  4 centaur warriors
  2 alligators (Lair:5)
  8 death yaks
  An ogre mage (D:15)
  5 two-headed ogres
  3 orc high priests (Orc:2)
  The ghost of ibnkola the Spear-Bearer, a novice MiFi of Okawaru (D:9)
  4 wretched stars (Abyss:4)
  5 sixfirhies
  A glowing orange brain (Vaults:1)
  A shadow wraith (Abyss:4)
  A skeletal warrior (Abyss:4)
  2 unseen horrors
  An unseen horror (shapeshifter) (Vaults:1)
  The ghost of Thargor the Shield-Bearer, a novice GrFi of Okawaru (D:8)
  Pikel (D:7)
  3 wizards
  2 swamp dragons (Lair:5)
  20 orb spiders
  A deep elf mage (D:9)
  3 orc knights
  6 oklob plants
  24 wolf spiders
  21 ugly things
  5 cyclopes
  A manticore (D:14)
  2 moths of wrath
  5 orc sorcerers
  16 elephants
  An ice statue (IceCv)
  3 gargoyles
  2 smoke demons
  3 black mambas (Lair:6)
  2 torpor snails (Lair:6)
  4 orange demons
  13 spiny frogs
  14 komodo dragons
  A kobold demonologist (D:11)
  2 efreet
  A hellion (Abyss:4)
  A freezing wraith (Abyss:4)
  A yaktaur (D:15)
  9 demonic crawlers
  A hellwing (Abyss:2)
  5 rime drakes
  An ancient zyme (Abyss:4)
  2 ice devils (Lair:6)
  7 trolls
  A red devil (Lair:6)
  17 polar bears (IceCv)
  A merfolk (Lair:4)
  A hornet (D:14)
  38 jumping spiders
  11 slime creatures
  11 hippogriffs
  9 raiju (Abyss:4)
  16 blink frogs
  7 dream sheep (Lair:6)
  3 starcursed masses (Abyss:4)
  A centaur simulacrum (D:15)
  67 redbacks
  2 vampires
  5 small abominations (Abyss:4)
  2 water elementals (D:14)
  A ynoxinul (Abyss:4)
  A wraith (Abyss:4)
  42 yaks
  29 tarantellas
  3 wyverns
  4 large abominations (Abyss:4)
  3 vampire mosquitoes (D:14)
  5 hungry ghosts
  A steam dragon (D:12)
  2 chaos spawn (Abyss:4)
  A neqoxec (Abyss:4)
  Menkaure (D:7)
  11 swamp worms
  An acid dragon (Vaults:1)
  5 wargs
  4 hell hounds (Lair:6)
  8 porcupines
  16 water moccasins
  35 orc warriors
  4 slaves (D:7)
  5 sky beasts
  2 black bears
  3 ice beasts
  13 centaurs
  8 ogres
  13 crocodiles
  40 wolves
  16 bullfrogs
  2 big kobolds
  2 gnoll sergeants (D:6)
  A wyvern zombie (D:6)
  6 scorpions
  2 wyvern skeletons
  11 killer bees
  10 wights
  2 electric eels
  8 howler monkeys
  A bullfrog zombie (D:6)
  6 crimson imps
  6 centaur zombies
  6 jellies
  A gnoll shaman (D:6)
  A quasit (Abyss:4)
  38 orc priests
  A centaur skeleton (D:4)
  2 hounds (D:6)
  3 bullfrog skeletons
  6 iguanas
  Terence (D:2)
  30 orc wizards
  7 worker ants
  12 gnolls
  A howler monkey skeleton (D:10)
  6 adders
  3 shadow imps
  An ooze (D:5)
  13 worms
  7 leopard geckos
  143 orcs
  A giant cockroach (D:2)
  10 goblins
  12 hobgoblins
  14 jackals
  7 quokkas
  3 ball pythons
  A ball python skeleton (D:6)
  3 bats
  5 frilled lizards
  A jackal skeleton (D:6)
  18 kobolds
  A quokka skeleton (D:9)
  2 rats (D:1)
  A fungus (Lair:6)
  2 plants
1153 creatures vanquished.

Vanquished Creatures (collateral kills)
  An orc knight (Orc:1)
1 creature vanquished.

Vanquished Creatures (others)
  A wolf spider (Spider:1)
  A jumping spider (Spider:4)
  2 redbacks (Spider:4)
  3 centaurs
  2 wolves (IceCv)
  A bush (Lair:6)
  16 fungi (Lair:6)
  23 plants
  7 starspawn tentacles (Abyss:4)
56 creatures vanquished.

Grand Total: 1210 creatures vanquished

Notes
Turn   | Place    | Note
-------+----------+-------------------------------------------
     0 | D:1      | Htamos the Merfolk Berserker began the quest for the Orb.
     0 | D:1      | Reached XP level 1. HP: 18/18 MP: 1/1
   239 | D:1      | Reached skill level 5 in Polearms
   281 | D:1      | Reached XP level 2. HP: 23/24 MP: 2/2
   876 | D:2      | Noticed Terence
   949 | D:2      | Killed Terence
   949 | D:2      | Reached skill level 6 in Polearms
   949 | D:2      | Reached XP level 3. HP: 29/29 MP: 3/3
  1728 | D:2      | Found a blossoming altar of Fedhas.
  1774 | D:2      | Reached ** piety under Trog
  1774 | D:2      | Reached skill level 7 in Polearms
  1774 | D:2      | Reached XP level 4. HP: 35/35 MP: 4/4
  3122 | D:4      | Reached skill level 8 in Polearms
  3122 | D:4      | Reached XP level 5. HP: 41/41 MP: 5/5
  3522 | D:4      | Reached skill level 9 in Polearms
  3682 | D:5      | Entered Level 5 of the Dungeon
  3771 | D:5      | Reached XP level 6. HP: 47/47 MP: 6/6
  3912 | D:5      | Reached skill level 10 in Polearms
  4519 | D:6      | Reached *** piety under Trog
  4589 | D:6      | Reached XP level 7. HP: 38/52 MP: 7/7
  4708 | D:6      | Reached skill level 11 in Polearms
  4922 | D:6      | Found the brooch of Shielding {Reflect SH+8}
  4936 | D:6      | Reached skill level 12 in Polearms
  5153 | D:6      | Reached XP level 8. HP: 56/60 MP: 8/8
  5664 | D:6      | Reached skill level 5 in Dodging
  5768 | D:6      | Reached skill level 5 in Fighting
  5819 | D:6      | Found an opulent altar of Gozag.
  5885 | D:6      | Reached **** piety under Trog
  6995 | D:7      | Noticed a hippogriff
  7012 | D:6      | Killed a hippogriff
  7012 | D:6      | Reached XP level 9. HP: 55/71 MP: 9/9
  7197 | D:7      | Got a warped turquoise ring
  7201 | D:7      | Identified the ring "Yzxaodd" {*Tele rPois} (You found it on level 7 of the Dungeon)
  7424 | D:7      | Noticed Menkaure
  7439 | D:7      | Killed Menkaure
  7768 | D:7      | Reached skill level 13 in Polearms
  7776 | D:7      | Found a shadowy altar of Dithmenos.
  8232 | D:7      | Noticed Pikel
  8350 | D:7      | Killed Pikel
  8394 | D:7      | Reached skill level 14 in Polearms
  8416 | D:7      | Reached XP level 10. HP: 80/80 MP: 10/10
  9013 | D:7      | Found a staircase to the Ecumenical Temple.
  9337 | Temple   | Entered the Ecumenical Temple
  9643 | D:8      | Reached ***** piety under Trog
  9651 | D:8      | Noticed Thargor's ghost (novice GrFi)
  9665 | D:8      | Killed Thargor's ghost
  9971 | D:8      | Reached skill level 15 in Polearms
 10090 | D:8      | Reached skill level 10 in Dodging
 10366 | D:9      | Found a staircase to the Orcish Mines.
 10366 | D:9      | Noticed ibnkola's ghost (novice MiFi)
 10377 | D:9      | Killed ibnkola's ghost
 10900 | D:9      | Reached skill level 16 in Polearms
 10926 | D:9      | Reached XP level 11. HP: 78/89 MP: 11/11
 11071 | D:9      | Found a sparkling altar of Nemelex Xobeh.
 11082 | D:9      | Noticed a deep elf mage
 11096 | D:9      | Killed a deep elf mage
 11219 | D:9      | Noticed a white ugly thing
 11238 | D:9      | Killed a white ugly thing
 11238 | D:9      | Reached skill level 10 in Fighting
 11728 | D:9      | Found a deep blue altar of Sif Muna.
 11758 | D:10     | Entered Level 10 of the Dungeon
 12814 | D:11     | Received a gift from Trog
 12839 | D:11     | Found a roughly hewn altar of Beogh.
 13061 | D:11     | Noticed a cyclops
 13078 | D:11     | Killed a cyclops
 13125 | D:11     | Received a gift from Trog
 13360 | D:11     | Found a staircase to the Lair.
 13432 | D:11     | Noticed Harold
 13506 | D:11     | Noticed a cyan ugly thing
 13513 | D:11     | Killed a cyan ugly thing
 13648 | D:11     | Killed Harold
 13743 | D:11     | Noticed a green ugly thing
 13752 | D:11     | Killed a green ugly thing
 13752 | D:11     | Reached XP level 12. HP: 102/102 MP: 12/12
 14310 | D:12     | Found Jeheduu's Antique Armour Shoppe.
 15121 | D:13     | Noticed Rupert
 15121 | D:13     | Paralysed by Rupert for 2 turns
 15134 | D:13     | Killed Rupert
 15134 | D:13     | Reached skill level 15 in Dodging
 15351 | D:13     | Found a sacrificial altar of Ru.
 15407 | D:13     | Noticed a centaur warrior
 15417 | D:13     | Killed a centaur warrior
 15531 | D:13     | Found Betrut's Book Shop.
 15856 | D:14     | Noticed a two-headed ogre
 15884 | D:14     | Killed a two-headed ogre
 15910 | D:14     | Reached XP level 13. HP: 104/112 MP: 13/13
 15926 | D:14     | Reached ****** piety under Trog
 16350 | D:14     | Received a gift from Trog
 16567 | D:14     | Found a gate to the Vaults.
 16567 | D:14     | Noticed a vault guard
 16567 | D:14     | Noticed a vault guard
 16567 | D:14     | Noticed a vault guard
 16567 | D:14     | Noticed a vault guard
 16766 | Orc:1    | Entered Level 1 of the Orcish Mines
 16781 | Orc:1    | Noticed Gastronok
 16814 | Orc:1    | Killed Gastronok
 17111 | Orc:1    | Paralysed by an orc sorcerer for 7 turns
 17572 | Orc:2    | Entered Level 2 of the Orcish Mines
 17577 | Orc:2    | Found a roughly hewn altar of Beogh.
 17647 | Orc:2    | Found Ekhlom's Magic Scroll Boutique.
 17660 | Orc:2    | Bought a scroll of enchant armour for 90 gold pieces
 17660 | Orc:2    | Bought a scroll of enchant weapon for 90 gold pieces
 18136 | Orc:1    | Gained mutation: Your system is resistant to poisons. (rPois) [potion of mutation]
 18136 | Orc:1    | Gained mutation: You are agile. (Dex +2) [potion of mutation]
 18136 | Orc:1    | Gained mutation: [Your magical capacity is low. (-10% MP)] [potion of mutation]
 18136 | Orc:1    | Gained mutation: You are covered in fur. (AC +1) [potion of mutation]
 18156 | Orc:1    | HP: 4/171 [orc knight/enchanted broad axe (9)]
 18577 | Orc:1    | Received a gift from Trog
 19202 | Orc:1    | Reached skill level 15 in Fighting
 19257 | Orc:2    | Noticed an orc warlord
 19423 | Orc:2    | Killed an orc warlord
 19670 | Orc:2    | Paralysed by an orc sorcerer for 5 turns
 20362 | Orc:2    | Found Xagaggyc's Antique Armour Emporium.
 20377 | Orc:2    | Found Maopeq's Assorted Antiques.
 20477 | Orc:2    | Found Cuxeuck's Weapon Shop.
 20532 | Orc:2    | Found a staircase to the Elven Halls.
 20536 | Orc:2    | Found Woneudyo's Jewellery Emporium.
 20541 | Orc:2    | Received a gift from Trog
 21071 | Orc:2    | Reached XP level 14. HP: 108/123 MP: 12/12
 21131 | Orc:2    | Found Onnuacut's General Store.
 21132 | Orc:2    | Found Vorch's Book Boutique.
 21133 | Orc:2    | Found Ufesesch's Antique Armour Boutique.
 21133 | Orc:2    | Found Feqo's Antique Weapon Shop.
 21166 | Orc:2    | Bought a bloodstained ring mail for 225 gold pieces
 21174 | Orc:2    | Bought a scroll of enchant armour for 112 gold pieces
 21174 | Orc:2    | Bought a scroll of enchant armour for 112 gold pieces
 21208 | Orc:2    | Bought an uncursed ring of protection from magic for 400 gold pieces
 21282 | Orc:2    | Bought an encrusted scale mail for 333 gold pieces
 21303 | Orc:2    | Identified the +5 scale mail "Vedacsesti" {MR- Int+3} (You bought it in a shop on level 2 of the Orcish Mines)
 21313 | Orc:2    | Identified the +1 ring mail of Happiness {rF+ rCorr Dex+3} (You bought it in a shop on level 2 of the Orcish Mines)
 21465 | Lair:1   | Entered Level 1 of the Lair of Beasts
 22981 | Lair:2   | Received a gift from Trog
 24028 | Lair:3   | Found a hole to the Spider Nest.
 24941 | Lair:4   | Found a frozen archway.
 24954 | IceCv    | Entered an ice cave
 25582 | IceCv    | Reached skill level 17 in Polearms
 25731 | IceCv    | Received a gift from Trog
 25801 | IceCv    | Reached XP level 15. HP: 96/134 MP: 11/13
 25916 | IceCv    | Got a brightly glowing amber ring
 25918 | IceCv    | Identified the ring of Otyoggat {+Fly Dex+2} (You found it in an ice cave)
 26317 | IceCv    | Noticed a frost giant
 26385 | IceCv    | Killed a frost giant
 26385 | IceCv    | Reached skill level 18 in Polearms
 26482 | IceCv    | Got a clouded granite ring
 26487 | IceCv    | Identified the ring "Jeakk" {Ice rN+ Int-5 Dex+6} (You found it in an ice cave)
 27263 | Lair:4   | Got a jade-encrusted leather armour
 27274 | Lair:4   | Identified the +2 leather armour of Hylat {rN+ MR+ Dex-5 SInv} (You found it on level 4 of the Lair of Beasts)
 27468 | Lair:4   | Reached skill level 19 in Polearms
 27783 | Lair:4   | Found a staircase to the Shoals.
 28130 | Lair:5   | Noticed Snorg
 28139 | Lair:5   | Killed Snorg
 28319 | Lair:5   | Received a gift from Trog
 28320 | Lair:5   | Found a staircase to the Slime Pits.
 28454 | Lair:5   | Reached skill level 20 in Polearms
 28527 | Lair:6   | Entered Level 6 of the Lair of Beasts
 28599 | Lair:6   | Paralysed by the power of Zot for 3 turns
 28603 | Lair:6   | Paralysed by the power of Zot for 5 turns
 28785 | Lair:6   | Reached skill level 21 in Polearms
 29004 | Lair:6   | Received a gift from Trog
 29050 | Lair:6   | Cast into level 2 of the Abyss (a wizard)
 29096 | Lair:6   | Escaped the Abyss
 29101 | Lair:6   | Found a burning altar of Makhleb.
 29150 | Lair:6   | Reached XP level 16. HP: 67/141 MP: 14/14
 29478 | Lair:6   | Found a gateway to Hell.
 29566 | Lair:6   | Reached skill level 22 in Polearms
 30616 | D:14     | Received a gift from Trog
 30754 | D:14     | Reached skill level 23 in Polearms
 31234 | D:14     | Got a faintly glowing long sword
 31235 | D:14     | Identified the cursed +1 long sword of Buqaomoxt {speed, Str+6 Stlth+} (You found it on level 14 of the Dungeon)
 31546 | D:15     | Entered Level 15 of the Dungeon
 31574 | D:15     | Found Wexta's Armour Shoppe.
 31583 | D:15     | Bought a +1 pair of boots of stealth for 313 gold pieces
 31806 | D:15     | Found a gateway to a bazaar.
 31858 | Bazaar   | Entered a bazaar
 31866 | Bazaar   | Found Apsifuim's Antique Armour Shop.
 31866 | Bazaar   | Found Fyecsudd's Jewellery Shop.
 31938 | Bazaar   | Bought the ring of Loog {rF++ rC+ rN+ Str+2 SInv} for 878 gold pieces
 31938 | Bazaar   | Bought the ring of Joiciph {rN+ Dex+6} for 633 gold pieces
 31959 | Bazaar   | Bought a faintly glowing helmet for 218 gold pieces
 31971 | Bazaar   | Identified the +1 helmet of Rofrovoe {-Cast rElec rC+ rN+} (You bought it in a shop in a bazaar)
 32063 | D:15     | Received a gift from Trog
 32082 | D:15     | Found Wufapiqu's Assorted Antiques.
 32175 | D:15     | Reached skill level 24 in Polearms
 32533 | D:15     | Found a staircase to the Depths.
 32797 | Spider:1 | Entered Level 1 of the Spider Nest
 32874 | Spider:1 | Reached skill level 1 in Shields
 34110 | Spider:1 | Received a gift from Trog
 35140 | Spider:2 | Reached XP level 17. HP: 144/147 MP: 15/15
 35264 | Spider:2 | Reached skill level 25 in Polearms
 35311 | Spider:2 | Got a scorched scale mail
 35314 | Spider:2 | Identified the cursed +0 scale mail of Creativity {rPois Stlth+} (You found it on level 2 of the Spider Nest)
 36817 | Spider:2 | Received a gift from Trog
 37210 | Spider:3 | Reached skill level 5 in Shields
 38656 | Spider:3 | Received a gift from Trog
 39046 | Spider:4 | Entered Level 4 of the Spider Nest
 39178 | Spider:4 | Got an ancient buckler
 39183 | Spider:4 | Identified the +0 buckler "Demub" {rElec rN++ Int-4 Slay+3} (You found it on level 4 of the Spider Nest)
 39261 | Spider:4 | Reached skill level 26 in Polearms
 41098 | Spider:4 | Received a gift from Trog
 41354 | Spider:4 | Reached skill level 10 in Shields
 41362 | Spider:4 | Reached XP level 18. HP: 97/154 MP: 1/16
 42078 | Spider:4 | Got a gossamer rune of Zot
 42410 | Vaults:1 | Entered Level 1 of the Vaults
 42780 | Vaults:1 | Cast into level 4 of the Abyss (a deep elf sorcerer)
 42842 | Abyss:4  | HP: 7/154 [poisoned by a green very ugly thing]
 42847 | Abyss:4  | HP: 5/154 [poisoned by a green very ugly thing]
 42974 | Abyss:4  | Found a sparkling altar of Nemelex Xobeh.
 43261 | Abyss:4  | Gained mutation: [Scrolls take you much longer to read.] [a cacodemon]
 43284 | Abyss:4  | Received a gift from Trog
 43782 | Abyss:4  | Noticed a bone dragon
 43794 | Abyss:4  | Noticed an ancient lich
 43796 | Abyss:4  | HP: 4/124 [large abomination (20)]
 43797 | Abyss:4  | Found a corrupted altar of Lugonu.
 43932 | Abyss:4  | Noticed a bone dragon
 43964 | Abyss:4  | Killed a bone dragon
 43966 | Abyss:4  | Found a corrupted altar of Lugonu.
 43990 | Abyss:4  | HP: 5/124 [starcursed mass/accursed screaming (6)]
 43992 | Abyss:4  | Killed from afar by a starcursed mass

Skill      XL: |  1  2  3  4  5  6  7  8  9 10 11 12 13 14 15 16 17 18 |
---------------+-------------------------------------------------------+-----
Polearms       | 5 6 7 8 9 10 12 14 16 17 21 24 26 | 26.0
Dodging        | 3 7 9 10 13 15 17 19 | 19.6
Fighting       | 6 8 9 11 13 15 17 | 17.5
Shields        | 3 10 11 | 11.5
Armour         | |  1.3

Action                   |  1- 3 |  4- 6 |  7- 9 | 10-12 | 13-15 | 16-18 || total
-------------------------+-------+-------+-------+-------+-------+-------++-------
Melee: Spear             |   100 |   224 |   341 |       |    11 |       ||   676
       Halberd           |       |       |   126 |   829 |   497 |       ||  1452
       Trident           |       |       |       |       |   317 |  1050 ||  1367
       Bardiche          |       |       |       |       |   732 |    37 ||   769
       Tailslap          |       |       |       |       |    28 |    46 ||    74
       Demon trident     |       |       |       |       |       |   516 ||   516
       Glaive            |       |       |       |       |       |   161 ||   161
Invok: Berserk           |     3 |     4 |    10 |    22 |    16 |     7 ||    62
       Trog's Hand       |       |       |       |       |     1 |     7 ||     8
       Brothers in Arms  |       |       |       |       |     1 |       ||     1
       Burn Spellbooks   |       |       |       |       |     1 |     3 ||     4
Evoke: Wand              |       |     2 |       |       |    21 |     1 ||    24
       Lamp of fire      |       |       |       |       |     1 |       ||     1
       Phantom mirror    |       |       |       |       |     1 |       ||     1
  Use: Scroll            |     2 |     5 |     4 |     9 |    19 |    20 ||    59
       Potion            |       |       |     2 |     4 |    14 |     4 ||    24
 Stab: Sleeping          |     1 |       |       |       |     1 |     7 ||     9
       Distracted        |       |       |     1 |       |     1 |     7 ||     9
  Eat: Chunk             |     4 |    14 |    22 |    40 |    43 |    32 ||   155
       Ration            |       |       |     1 |     3 |     9 |     8 ||    21
Armor: Animal skin       |     1 |       |       |       |       |       ||     1
       Ring mail         |     8 |    30 |    23 |       |   101 |    33 ||   195
       Chain mail        |       |       |    52 |    86 |       |       ||   138
       Skin              |       |       |    62 |    62 |    10 |       ||   134
       Steam dragon scal |       |       |       |     8 |    36 |   210 ||   254
Dodge: Dodged            |    23 |    61 |    84 |   198 |  1088 |  1624 ||  3078
Block: Buckler           |       |    11 |     3 |       |       |   205 ||   219
       Shield            |       |       |    59 |       |       |   327 ||   386
       Other             |       |       |    55 |   163 |   409 |       ||   627
       Reflection        |       |       |       |    16 |     5 |       ||    21
